Map: Bataille sur les planches EC

Players

diamadoshi - Winner!

  • Race: Terran Terran
  • League: Diamond
  • Spawn Location: 11:00

click

  • Race: Protoss Protoss
  • League: Diamond
  • Spawn Location: 1:00

VOD

Have the link to the VOD?

Description

How to harass protoss efficiently to go safely to meca

Time

  • Played on: Dec. 21, 2017, 2:56 a.m.
  • Length: 14:52
Show
View Real Time Build Order
Export as new Build Order

diamadoshi Terran - Winner!

Build Orders: Cyclone Opening 

Get SALT Encoding   

  12  0:01  SCV  
  13  0:13  SCV  
  14  0:17  Supply Depot  
  14  0:25  SCV  
  15  0:39  SCV, Refinery  
  16  0:44  Barracks  
  16  0:51  SCV  
  16  0:56  Refinery  
  17  1:03  SCV  
  18  1:39  Orbital Command  
  18  1:44  Factory  
  18  1:51  Supply Depot  
  18  1:59  Barracks Tech Lab  
  18  2:05  SCV  
  19  2:23  Marauder  
  21  2:31  Cyclone  
  24  2:38  Starport  
  24  2:43  SCV  
  25  2:50  Marauder  
  27  2:55  SCV  
  28  3:00  Liberator  
  28  3:02  Supply Depot  
  27  3:08  SCV  
  31  3:24  Cyclone  
  34  3:31  SCV  
  34  3:32  Supply Depot  
  35  3:43  SCV  
  36  3:51  Liberator  
  36  3:53  Barracks Reactor  
  31  4:08  Cyclone  
  36  4:10  SCV  
  36  4:14  Supply Depot  
  36  4:22  SCV  
  37  4:34  SCV  
  35  4:46  SCV, Liberator  
  35  4:50  Cyclone  
  39  5:02  SCV  
  43  5:14  SCV, Command Center  
  41  5:26  SCV  
  39  5:30  Cyclone  
  42  5:38  SCV  
  40  5:50  SCV  
  40  5:54  Barracks Tech Lab  
  41  5:58  Supply Depot  
  41  6:02  SCV, Cyclone  
  45  6:04  Command Center  
  45  6:12  Viking x2  
  45  6:15  Marauder, SCV  
  52  6:26  Orbital Command  
  52  6:27  SCV  
  53  6:39  SCV  
  57  6:51  SCV, Factory  
  57  6:53  Refinery  
  57  6:54  SCV  
  56  6:56  Refinery  
  56  7:01  Marauder  
  56  7:02  Siege Tank  
  56  7:03  SCV  
  56  7:04  Viking  
  56  7:06  SCV  
  64  7:15  SCV  
  65  7:31  SCV x2  
  67  7:38  Starport Reactor  
  67  7:42  Factory Reactor  
  67  7:43  SCV x2  
  69  7:51  Barracks Reactor  
  67  8:05  Orbital Command  
  67  8:12  SCV x2  
  69  8:17  Viking x2, Siege Tank  
  76  8:22  Hellion x2  
  76  8:24  SCV x2  
  76  8:26  Armory  
  76  8:27  Infernal Pre-Igniter  
  82  8:32  Orbital Command  
  82  8:36  SCV x2  
  82  8:37  Factory  
  85  8:43  Barracks Reactor, Hellion  
  85  8:44  Hellion  
  88  8:49  Hellion  
  88  8:50  Supply Depot  
  88  8:53  Viking  
  88  8:54  SCV, Supply Depot  
  93  9:00  Supply Depot  
  93  9:03  Engineering Bay  
  93  9:07  Viking, SCV x3, Hellion  
  100  9:14  Supply Depot  
  100  9:19  SCV x3  
  100  9:23  Factory  
  103  9:26  Factory  
  104  9:31  SCV  
  104  9:32  Refinery x2, SCV x2  
  104  9:37  Siege Tank  
  109  9:40  Hellion x2  
  109  9:43  SCV  
  109  9:44  SCV x2  
  116  9:47  Barracks Tech Lab, Liberator  
  116  9:49  Viking, Siege Tank  
  121  9:55  SCV  
  121  9:56  SCV x2  
  127  10:09  Siege Tank  
  127  10:13  Starport  
  130  10:20  Missile Turret  
  130  10:22  Missile Turret  
  130  10:24  Supply Depot  
  130  10:25  Supply Depot  
  130  10:26  Supply Depot  
  123  10:35  Orbital Command  
  119  10:41  Missile Turret  
  111  10:43  Liberator x2  
  88  10:57  SCV  
  88  10:58  SCV  
  88  10:59  Siege Tank  
  88  11:00  Siege Tank  
  88  11:03  Hellbat x3  
  108  11:07  Missile Turret  
  108  11:10  SCV x2  
  110  11:15  Viking x2  
  110  11:17  Factory Reactor  
  114  11:31  Siege Tank  
  111  11:40  SCV x2  
  111  11:44  Siege Tank  
  111  11:46  Viking x2  
  107  11:47  Hellbat x4  
  110  11:56  Hellbat  
  110  11:57  Hellbat  
  114  12:04  Siege Tank  
  117  12:09  Hellbat x2  
  117  12:15  Command Center  
  121  12:21  Viking x3  
  127  12:26  SCV x2  
  127  12:27  SCV  
  129  12:49  Siege Tank x2  
  129  12:50  Hellbat  
  129  12:51  Hellbat x4  
  145  12:53  Liberator x2  
  145  12:58  Supply Depot  
  145  13:00  Supply Depot  
  145  13:07  Sensor Tower  
  151  13:13  Hellbat x2  
  155  13:21  Siege Tank x2  
  133  14:17  Siege Tank x2  
  133  14:19  Hellbat x6  
  144  14:27  SCV x3  
  146  14:39  SCV x3  
Show
View Real Time Build Order
Export as new Build Order

click Protoss 

Build Orders: 1 Gate Expand 

Get SALT Encoding   

  12  0:01  Probe  
  13  0:14  Probe  
  14  0:22  Pylon  
  14  0:26  Probe  
  15  0:40  Probe  
  15  0:41  Gateway  
  16  0:49  Assimilator  
  16  0:56  Probe (Chrono Boost)  
  17  1:04  Probe (Chrono Boost)  
  18  1:06  Probe  
  19  1:25  Nexus  
  19  1:38  Cybernetics Core  
  19  1:42  Assimilator  
  19  2:05  Probe (Chrono Boost)  
  19  2:06  Pylon  
  20  2:24  Stalker  
  20  2:26  Warp Gate (Chrono Boost)  
  22  2:37  Probe  
  22  2:38  Gateway  
  22  2:41  Shield Battery  
  22  2:43  Probe  
  24  2:49  Probe  
  25  2:54  Stalker  
  25  2:57  Probe  
  28  3:08  Probe  
  28  3:16  Robotics Facility  
  28  3:20  Shield Battery  
  28  3:24  Stalker  
  30  3:28  Zealot  
  30  3:30  Gateway  
  32  3:38  Pylon  
  32  3:57  Stalker x2  
  37  4:13  Probe (Chrono Boost)  
  38  4:17  Probe (Chrono Boost)  
  38  4:29  Pylon  
  38  4:34  Warp Prism  
  38  4:36  Twilight Council  
  38  4:37  Zealot  
  37  4:53  Probe x2  
  37  4:56  Pylon  
  39  5:02  Stalker  
  43  5:08  Probe (Chrono Boost)  
  43  5:10  Probe (Chrono Boost)  
  43  5:20  Probe x2 (Chrono Boost)  
  38  5:23  Stalker  
  38  5:38  Probe (Chrono Boost)  
  35  5:44  Probe (Chrono Boost)  
  36  5:54  Probe (Chrono Boost)  
  36  5:55  Probe (Chrono Boost)  
  36  5:56  Stalker  
  39  6:01  Probe x2 (Chrono Boost)  
  41  6:06  Probe  
  41  6:09  Stalker  
  44  6:13  Probe  
  45  6:18  Probe  
  45  6:20  Stalker  
  45  6:25  Probe  
  49  6:30  Probe  
  50  6:37  Probe  
  50  6:41  Assimilator  
  50  6:43  Probe  
  51  6:57  Blink  
  51  6:58  Probe  
  52  7:02  Shield Battery  
  52  7:05  Shield Battery  
  52  7:07  Forge  
  48  7:28  Immortal (Chrono Boost)  
  50  7:34  Probe  
  50  7:36  Assimilator  
  51  7:43  Adept x2  
  51  7:44  Adept  
  51  7:58  Probe  
  51  8:05  Stalker  
  55  8:06  Probe (Chrono Boost)  
  55  8:07  Observer (Chrono Boost)  
  55  8:11  Stalker  
  55  8:12  Probe (Chrono Boost)  
  59  8:16  Shield Battery  
  59  8:17  Immortal  
  64  8:20  Pylon  
  65  8:27  Probe (Chrono Boost), Protoss Ground Weapons Level 1 (Chrono Boost)  
  65  8:28  Probe x2 (Chrono Boost)  
  65  8:30  Probe  
  67  8:34  Adept  
  67  8:38  Stalker  
  71  8:42  Probe x2  
  73  8:52  Adept  
  73  8:54  Probe  
  73  8:55  Probe  
  77  8:57  Forge  
  77  8:59  Photon Cannon  
  77  9:12  Pylon  
  77  9:19  Probe  
  77  9:23  Pylon  
  78  9:25  Photon Cannon  
  78  9:30  Immortal  
  78  9:31  Charge  
  82  9:33  Protoss Ground Armor Level 1 (Chrono Boost)  
  82  9:46  Stalker  
  82  9:47  Stalker  
  86  9:52  Stalker  
  88  10:05  Gateway  
  88  10:07  Gateway  
  88  10:10  Immortal  
  92  10:16  Stalker  
  92  10:21  Pylon  
  94  10:23  Shield Battery  
  70  10:56  Stalker x3  
  64  11:06  Immortal  
  68  11:11  Stalker x2  
  72  11:28  Zealot x3  
  74  11:46  Immortal  
  68  11:50  Stalker  
  68  11:51  Stalker x4  
  72  11:59  Protoss Ground Weapons Level 2, Protoss Ground Armor Level 2  
  68  12:08  Nexus  
  68  12:17  Adept  
  68  12:18  Zealot  
  72  12:25  Immortal  
  76  12:32  Stalker  
  76  12:33  Stalker x2  
  78  12:39  Pylon  
  78  12:48  Robotics Facility  
  78  12:50  Templar Archives  
  78  12:55  Observer  
  78  13:02  Stalker x2  
  78  13:05  Stalker  
  84  13:13  Gateway  
  84  13:25  Shield Battery  
  84  13:26  Photon Cannon  
  84  13:32  Zealot  
  86  13:34  Zealot  
  86  13:51  Stalker  
  86  13:52  Zealot x2  
  92  14:04  Stalker x2  
  60  14:20  Stalker  
  62  14:28  High Templar  
  62  14:29  High Templar  
  55  14:43  Archon  
  55  14:44  Stalker  
Tags
 
Add a new tag
Caveats
  • Supply blocks, unpowered buildings, or Contaminate may cause inaccurate times.
  • Supply counts are checked every 10 seconds.